 Dungeon Crawl Stone Soup version 0.29.1-15-g9cfb28693d (webtiles) character file.

Game seed: 12316424926205556915

4 Ayazi56 the Ducker (level 1, -1/10 HPs)
             Began as a Felid Monk on Apr 12, 2023.
             Slain by a hobgoblin (4 damage)
             ... on level 1 of the Dungeon on Apr 13, 2023.
             The game lasted 00:00:46 (77 turns).

Ayazi56 the Ducker (Felid Monk)                       Turns: 77, Time: 00:00:47

Health: -1/10      AC:  1    Str:  7    XL:     1   Next: 50%
Magic:  2/2        EV: 19    Int: 11    God:
Gold:   0          SH:  0    Dex: 18    Spells: 0/0 levels left
                                        Lives:  0   Deaths: 0

rFire   . . .      SeeInvis +     - Unarmed
rCold   . . .      Faith    .   (shield unavailable)
rNeg    . . .      Spirit   .   (body armour unavailable)
rPois   .          Reflect  .   (helmet unavailable)
rElec   .          Harm     .   (cloak unavailable)
rCorr   .          Rampage  .   (gloves unavailable)
Will    .....                   (boots unavailable)
Stlth   ++........              (no amulet)
HPRegen 0.03/turn               (no ring)
MPRegen 0.08/turn               (no ring)

@: quick
A: very small, claws 1, fangs 3, see invisible, speed 1, shaggy fur 1, stealthy
paws, no weapons or thrown items, no armour, multi-lived
a: no special abilities


You were on level 1 of the Dungeon.
You visited 1 branch of the dungeon, and saw 1 of its levels.

Inventory:

Scrolls
 b - a scroll of fear {unknown}
Potions
 a - a potion of ambrosia


   Skills:
 + Level 3.1 Fighting
 + Level 4.1 Dodging
 + Level 2.7 Stealth
 + Level 3.1 Unarmed Combat


You couldn't memorise any spells.
You didn't know any spells.
Your spell library was empty.

Dungeon Overview and Level Annotations

Branches:
Dungeon (1/15)

Altars:


Innate Abilities, Weirdness & Mutations

You have sharp claws.
You have razor-sharp teeth.
You have supernaturally acute eyesight. (SInv)
You cover ground quickly. (Speed+)
You are covered in fur. (AC +1)
Your paws help you pounce on unaware monsters.
You are incapable of wielding weapons or throwing items.
You cannot wear armour.
You gain extra lives every three experience levels.


Message History

A rat comes into view.
Found a stone staircase leading down.
The rat closely misses you.
The endoplasm quivers.
You barely miss the endoplasm. You bite the endoplasm.
The endoplasm is severely wounded.
The rat barely misses you. The endoplasm hits you.
You scratch the endoplasm.
You kill the endoplasm!
The rat bites you but does no damage. The rat closely misses you.
You barely miss the rat. You bite the rat, but do no damage.
The rat misses you.
You scratch the rat.
You kill the rat!
You see here a rat corpse.
b - a scroll labelled GUAN SOMIA You see here a rat corpse.
A quokka and a rat come into view.
A goblin comes into view. It is wielding a +0 club.
A kobold comes into view. It is wielding a +0 whip.
The goblin shouts!
You see here a metallic purple potion.
A frilled lizard comes into view.
The kobold shouts!
A hobgoblin comes into view.
The frilled lizard hisses angrily.
The goblin hits you with a +0 club.
* * * LOW HITPOINT WARNING * * *
You scratch the goblin.
You kill the goblin!
The hobgoblin shouts!
Found a scroll labelled GUAN SOMIA.
You barely miss the kobold. The kobold misses you.
You scratch the kobold but do no damage.
The kobold completely misses you. The frilled lizard barely misses you.
You barely miss the kobold. Your bite misses the kobold.
The kobold closely misses you. The frilled lizard closely misses you.
The hobgoblin hits you.
You die...

...........#..# ##....8..
......#.........#####.⌠...⌠
....................##.....
##...................###'##
.........................#
..............#.........##
..............#.........#
.........r!..##.........#
........rl@g.############
......).###K.# .......##
#..... ....... ........
....... #...... .....##
...... #.##. ...... .. ..
..?...


You could see a quokka, a hobgoblin, a kobold, a frilled lizard and a rat.

Vanquished Creatures
  2 endoplasms (D:1)
  A goblin (D:1)
  A rat (D:1)
4 creatures vanquished.

Notes
Turn   | Place    | Note
-------+----------+-------------------------------------------
     0 | D:1      | Ayazi56 the Felid Monk began the quest for the Orb.
     0 | D:1      | Reached XP level 1. HP: 10/10 MP: 2/2
    77 | D:1      | Slain by a hobgoblin

Illustrated notes

Levels and vault maps discovered:
D:1:      ncdulo_halloftheorcs, layout_rooms, shapermc_ecumenical_altar_ellora

Action                   || total
-------------------------++-------
Melee: Unarmed           ||     9
       Bite              ||     2
Armor: Skin              ||     1
Dodge: Dodged            ||     9
